 Dungeon Crawl Stone Soup version 0.22-a0-147-gfdd7f25 (webtiles) character file.

98 4thArraOfDagon the Gusty (level 4, 0/21 HPs)
             Began as a Spriggan Air Elementalist on Feb 6, 2018.
             Slain by Grinder (8 damage)
             ... while paralysed by Grinder
             ... on level 4 of the Dungeon.
             The game lasted 00:09:26 (1620 turns).

4thArraOfDagon the Gusty (SpAE)                     Turns: 1620, Time: 00:09:27

Health: 0/21       AC:  2    Str:  4    XL:     4   Next: 43%
Magic:  4/10       EV:  4    Int: 17    God:
Gold:   97         SH:  0    Dex: 16    Spells: 5/10 levels left

rFire    . . .     SeeInvis +   (weapon restricted)
rCold    . . .     Gourm    .   (shield restricted)
rNeg     . . .     Faith    .   a - +0 robe
rPois    .         Spirit   .   (helmet restricted)
rElec    .         Reflect  .   (no cloak)
rCorr    .         Harm     .   (gloves unavailable)
MR       .....                  (boots unavailable)
Stlth    ++........             (no amulet)
HPRegen  0.07/turn              f - ring of wizardry
MPRegen  0.12/turn              (no ring)

@: paralysed, hasted, very quick
A: very small, unfitting armour, see invisible, herbivore, speed 3, slow
metabolism 2
a: no special abilities


You were on level 4 of the Dungeon.
You were not hungry.

You visited 1 branch of the dungeon, and saw 5 of its levels.

You collected 97 gold pieces.

Inventory:

Hand Weapons
 h - a +0 dagger
Missiles
 g - 2 curare-tipped needles
 n - a throwing net (quivered)
Armour
 a - a +0 robe (worn)
 k - a +0 buckler
Jewellery
 f - a ring of wizardry (left hand)
Scrolls
 m - a scroll of blinking {unknown}
 o - a scroll of remove curse {unknown}
Potions
 d - a potion of heal wounds {unknown}
 i - a potion of might {unknown}
 l - a potion of curing {unknown}
 q - a potion of resistance {unknown}
Books
 b - a book of Air

   Spells                             Type                      Level
   a - Shock                          Conjuration/Air              1
   b - Swiftness                      Charms/Air                   2
   c - Static Discharge               Conjuration/Air              3
   d - Airstrike                      Air                          4
   e - Lightning Bolt                 Conjuration/Air              5
 p - a book of Maledictions

   Spells                             Type                      Level
   a - Corona                         Hexes                        1
   b - Ensorcelled Hibernation        Hexes/Ice                    2
   c - Confuse                        Hexes                        3
   d - Tukima's Dance                 Hexes                        3
   e - Dazzling Spray                 Conjuration/Hexes            3
Comestibles
 c - 6 rations


   Skills:
 - Level 3.1 Dodging
 - Level 3.2 Stealth
 + Level 3.9 Spellcasting
 - Level 0.6 Conjurations
 * Level 4.1 Air Magic


You had 5 spell levels left.
You knew the following spells:

 Your Spells              Type           Power        Failure   Level  Hunger
a - Shock                 Conj/Air       ##..         2%          1    None
b - Airstrike             Air            ###.......   12%         4    ####...


Dungeon Overview and Level Annotations

Branches:
Dungeon (5/15)
 Temple: D:4-7

Altars:
Fedhas
Gozag
Hepliaklqana
Kikubaaqudgha

Annotations:
D:2 Natasha
D:4 Grinder


Innate Abilities, Weirdness & Mutations

You are very small and have problems with some larger weapons.
You are too small for most types of armour.
You have supernaturally acute eyesight. (SInv)
You are a herbivore.
You cover ground extremely quickly.
You need consume almost no food.


Message History

e - a potion of haste You are now empty-handed.
Something unseen opens the door.
You close the door.
Something unseen opens the door.
You close the door.
Something unseen opens the door.
There's a creature in the doorway!
You feel yourself speed up.
Unknown command.
Casting: Airstrike (safe; 12% risk of failure)
Confirm with . or Enter, or press ? or * to list all spells.
Aiming: Shock (safe; 2% risk of failure)
Press: ? - help, Shift-Dir - straight line, p - Grinder The zap hits Grinder.
Grinder is moderately wounded.
The zap hits Grinder.
Grinder is heavily wounded.
Grinder gestures at you.
You suddenly lose the ability to move!
Grinder hits you!
You writhe in agony.
Grinder hits you!
You die...

#.... #.# #.Z# #.#
#.. #.# # #.# #.#
#######.# #.....#.#
#.....#5#
.#.#########....@#.#
.#=........'.....5.#
....########.....###
....# #....)# ....#
#.....# ....#
#....†# ....#
#.....# <...#
#.....# ....#
#######


You could see Grinder.

Vanquished Creatures
  A centaur skeleton (D:4)
  A bullfrog skeleton (D:4)
  An adder zombie (D:5)
  4 leopard geckos
  3 orcs
  2 giant cockroaches
  4 goblins
  2 hobgoblins
  4 jackals (D:3)
  3 bats
  A frilled lizard (D:1)
  A kobold (D:2)
  A leopard gecko skeleton (D:4)
  A quokka zombie (D:5)
  3 rats
32 creatures vanquished.

Notes
Turn   | Place    | Note
-------+----------+-------------------------------------------
     0 | D:1      | 4thArraOfDagon the Spriggan Air Elementalist began the quest for the Orb.
     0 | D:1      | Reached XP level 1. HP: 9/9 MP: 5/5
   297 | D:2      | Noticed Natasha
   401 | D:2      | varam: hey there,gl
   401 | D:2      | Reached skill level 3 in Air Magic
   401 | D:2      | Reached XP level 2. HP: 13/13 MP: 1/6
   419 | D:3      | 4thArraOfDagon: heey
   509 | D:3      | Found an ancient bone altar of Kikubaaqudgha.
   557 | D:4      | Found a blossoming altar of Fedhas.
   557 | D:4      | Noticed a centaur
   599 | D:3      | Noticed a two-headed ogre
   903 | D:3      | Found a hazy altar of Hepliaklqana.
   985 | D:3      | Found an opulent altar of Gozag.
  1040 | D:4      | Noticed Grinder
  1040 | D:4      | Noticed a bullfrog
  1142 | D:4      | Reached XP level 3. HP: 14/16 MP: 1/9
  1246 | D:5      | Entered Level 5 of the Dungeon
  1335 | D:4      | Reached skill level 4 in Air Magic
  1335 | D:4      | Reached XP level 4. HP: 5/21 MP: 2/10
  1344 | D:4      | Learned a level 4 spell: Airstrike
  1589 | D:4      | Paralysed by Grinder for 6 turns
  1618 | D:4      | Paralysed by Grinder for 6 turns
  1620 | D:4      | Slain by Grinder

Vault maps used:
D:1:      co_arrival_square_in_a_square_in_a_square, solitary_fountain
D:2:      cheibrodos_greedy_goblins, eat_drink_and_be_merry_uskayaw,
          overflow_temple_1_default, uniq_natasha
D:3:      lemuel_doored_altar, overflow_temple_1_default,
          gammafunk_temple_overflow_pools
D:4:      fedhas_bush_and_centaur_altar, first_ration, uniq_grinder
D:5:      nicolae_ru_path_of_blood, uniq_duvessa

Skill      XL: |  1  2  3 |
---------------+----------+-----
Air Magic      | 3 4 |  4.1
Spellcasting   | 3 |  3.9
Dodging        | |  3.1
Stealth        | |  3.2
Conjurations   | |  0.6

Action                   |  1- 3 |  4- 6 || total
-------------------------+-------+-------++-------
Melee: Dagger            |     6 |       ||     6
 Cast: Shock             |    71 |     9 ||    80
       Airstrike         |       |     2 ||     2
  Use: Scroll            |       |     1 ||     1
       Potion            |       |     1 ||     1
Armor: Robe              |     3 |       ||     3
Dodge: Dodged            |    33 |       ||    33

Table legend:
 A = Spawn XP
 B = Non-spawn XP
 C = Spawn XP percentage of total XP
 D = Spawn monster count
 E = Non-spawn monster count
 F = Spawn count percentage of total count
 G = Total turns spent on level
                    A         B        C        D         E        F      G
               +---------+---------+-------+---------+---------+-------+---------
         Total |       0 |     140 |   0.0 |       0 |      32 |   0.0 |  1620
               +---------+---------+-------+---------+---------+-------+---------
           D:1 |       0 |       7 |   0.0 |       0 |       5 |   0.0 |   227
           D:2 |       0 |       5 |   0.0 |       0 |       4 |   0.0 |   166
           D:3 |       0 |      25 |   0.0 |       0 |      13 |   0.0 |   634
           D:4 |       0 |      91 |   0.0 |       0 |       6 |   0.0 |   571
           D:5 |       0 |      12 |   0.0 |       0 |       4 |   0.0 |    22
               +---------+---------+-------+---------+---------+-------+---------
